General information
- name: BNet
- type: Ladder team game (AT/RT)
- host: Battle.net
- saver: supergenius1993
map: CentaurGrove
- players: 4
- length: 17:31
- speed: Fast
- version: 1.24 W3XP
- replay type: Public
» download(86 KB)
Players
team 1 (loser)
supergenius1993 (
yellow | 146 APM | 2564 actions | 17:31)
2 Death Knight
1 Death Coil
1 Unholy Aura
5 Dreadlord
3 Sleep
2 Vampiric Aura
» actions
| Assign group hotkey | 122 | |
| Basic commands | 227 | |
| Build / train | 84 | |
| ESC pressed | 11 | |
| Enter build submenu | 30 | |
| Enter hero's abilities submenu | 7 | |
| Give item / drop item | 3 | |
| Remove unit from queue | 1 | |
| Right click | 888 | |
| Select / deselect | 488 | |
| Select group hotkey | 608 | |
| Use ability | 95 | |
2564 total
» units
| Acolyte | 18 | |
| Ghoul | 14 | |
| Obsidian Statue | 4 | |
| Meatwagon | 1 | |
| Crypt Fiend | 7 | |
| Abomination | 1 | |
45 total
» upgrades
| Cannibalize | 1 | |
| Ghoul Frenzy | 1 | |
| Destroyer Form | 1 | |
| Web | 1 | |
4 total
» buildings
| Crypt | 3 | |
| Graveyard | 1 | |
| Altar of Darkness | 1 | |
| Ziggurat | 7 | |
| Tomb of Relics | 1 | |
| Halls of the Dead | 1 | |
| Necropolis | 1 | |
| Black Citadel | 5 | |
| Slaughterhouse | 1 | |
| Nerubian Tower | 1 | |
22 total
» build order
00:05 Crypt
00:09 Graveyard
00:40 Altar of Darkness
01:04 Ziggurat
01:43 Tomb of Relics
02:04 Ziggurat
03:30 Crypt
04:21 Crypt
05:22 Ziggurat
05:24 Halls of the Dead
06:02 Necropolis
07:51 Ziggurat
08:12 Black Citadel
08:13 Black Citadel
08:13 Black Citadel
08:13 Black Citadel
09:11 Slaughterhouse
09:14 Nerubian Tower
09:15 Ziggurat
09:26 Ziggurat
15:30 Ziggurat
» items
| Rod of Necromancy | 3 | |
| Scroll of Healing | 2 | |
| Potion of Lesser Invulnerability | 1 | |
| Boots of Speed | 1 | |
| Scroll of Town Portal | 3 | |
| Potion of Healing | 2 | |
| Potion of Mana | 1 | |
13 total
dasger (
blue | 17 APM | 49 actions | 02:55)
» actions
| Basic commands | 3 | |
| Right click | 17 | |
| Select / deselect | 25 | |
| Use ability | 4 | |
49 total
team 2 (winner)

»
EastIsJoke (
purple | 132 APM | 2315 actions | 17:31)
3 Death Knight
2 Death Coil
1 Unholy Aura
2 Lich
1 Frost Nova
1 Dark Ritual
1 Far Seer
1 Chain Lighting
» actions
| Assign group hotkey | 87 | |
| Basic commands | 42 | |
| Build / train | 50 | |
| Enter build submenu | 19 | |
| Enter hero's abilities submenu | 6 | |
| Give item / drop item | 1 | |
| Right click | 965 | |
| Select / deselect | 328 | |
| Select group hotkey | 739 | |
| Use ability | 78 | |
2315 total
» units
| Acolyte | 2 | |
| Ghoul | 5 | |
| Crypt Fiend | 9 | |
| Meatwagon | 1 | |
| Obsidian Statue | 5 | |
| Raider | 2 | |
| Grunt | 2 | |
26 total
» upgrades
» buildings
| Graveyard | 1 | |
| Crypt | 1 | |
| Ziggurat | 6 | |
| Altar of Darkness | 1 | |
| Tomb of Relics | 1 | |
| Halls of the Dead | 3 | |
| Slaughterhouse | 2 | |
| Black Citadel | 3 | |
| Orc Burrow | 3 | |
21 total
» build order
00:09 Graveyard
00:20 Crypt
00:38 Ziggurat
00:57 Altar of Darkness
01:15 Tomb of Relics
02:05 Ziggurat
03:35 Halls of the Dead
03:35 Halls of the Dead
04:41 Ziggurat
07:15 Slaughterhouse
07:20 Slaughterhouse
08:24 Black Citadel
08:24 Black Citadel
08:24 Black Citadel
12:09 Ziggurat
12:10 Ziggurat
12:12 Ziggurat
15:00 Orc Burrow
15:02 Orc Burrow
15:55 Orc Burrow
» items
| Rod of Necromancy | 4 | |
| Potion of Healing | 1 | |
5 total

»
UnicornForce5 (
orange | 54 APM | 784 actions | 14:32)
1 Far Seer
1 Feral Spirit
1 Shadow Hunter
1 Healing Wave
» actions
| Assign group hotkey | 11 | |
| Basic commands | 39 | |
| Build / train | 32 | |
| ESC pressed | 1 | |
| Enter build submenu | 16 | |
| Enter hero's abilities submenu | 2 | |
| Remove unit from queue | 2 | |
| Right click | 311 | |
| Select / deselect | 192 | |
| Select group hotkey | 154 | |
| Use ability | 24 | |
784 total
» units
| Peon | 8 | |
| Grunt | 5 | |
| Troll Headhunter/Berserker | 3 | |
| Wind Rider | 3 | |
19 total
» upgrades
| Pillage | 1 | |
| Melee Weapons | 2 | |
| Berserker Strength | 1 | |
| Ranged Weapons | 2 | |
6 total
» buildings
| Orc Burrow | 5 | |
| Altar of Storms | 1 | |
| Barracks | 2 | |
| War Mill | 1 | |
| Stronghold | 1 | |
| Voodoo Lounge | 1 | |
| Beastiary | 2 | |
13 total
» build order
00:08 Orc Burrow
00:12 Altar of Storms
01:05 Barracks
01:51 Orc Burrow
02:05 War Mill
02:30 Barracks
02:51 Orc Burrow
05:14 Stronghold
05:29 Orc Burrow
06:34 Orc Burrow
07:16 Voodoo Lounge
07:42 Beastiary
09:16 Beastiary
Chat log
(01:32 / Allies) supergenius1993: pretty cool dog
(02:18 / Allies) dasger: i am good
(02:25 / Allies) supergenius1993: i see that..
(02:44 / Allies) supergenius1993: could u send me a bit of $ my way?
(02:52 / Allies) dasger: ok
(03:02 / All) UnicornForce5: well then
(06:53 / All) EastIsJoke: talk
(06:54 / All) EastIsJoke: About
(06:56 / All) EastIsJoke: a fucking newb
(12:14 / All) EastIsJoke: BEST ALLY
(17:30 / All) supergenius1993: too lazy to play right